 Dungeon Crawl Stone Soup version 0.29.1-2-gbd0b4ee654 (webtiles) character file.

Game seed: 10414329100818593993

242 qeuew the Sneak (level 5, -1/24 HPs)
             Began as a Spriggan Enchanter on Nov 11, 2022.
             Was a Believer of Ashenzari.
             Slain by a gnoll
             ... wielding a +0 spear
              (5 damage)
             ... on level 3 of the Dungeon.
             The game lasted 00:06:03 (3598 turns).

qeuew the Sneak (Spriggan Enchanter)                Turns: 3598, Time: 00:06:04

Health: -1/24      AC:  2    Str: 10    XL:     5   Next: 81%
Magic:  10/13      EV: 20    Int: 22    God:    Ashenzari [**....]
Gold:   110        SH:  0    Dex: 19    Spells: 12/14 levels left

rFire   . . .      SeeInvis +   a - +1 dagger "Astrological Oblivion" {Melee, Elem} (curse)
rCold   . . .      Faith    .   (no shield)
rNeg    . . .      Spirit   .   b - +0 robe "Esoteric Submission" {Cun, Range} (curse)
rPois   .          Reflect  .   (helmet restricted)
rElec   .          Harm     .   (no cloak)
rCorr   +          Rampage  .   (gloves unavailable)
Will    .....                   (boots unavailable)
Stlth   ++++......              (no amulet)
HPRegen 0.08/turn               f - ring "Share My Adversity" {rCorr Str+6 Int+5 Dex+2, Self, Elem} (curse)
MPRegen 0.13/turn               (no ring)

@: very quick
A: very small, no large weapons, unfitting armour, see invisible, speed 3
a: Renounce Religion, Curse Item, Shatter the Chains


You were on level 3 of the Dungeon.
You worshipped Ashenzari.
Ashenzari was pleased with you.
You visited 1 branch of the dungeon, and saw 4 of its levels.

You collected 110 gold pieces.

Inventory:

Hand Weapons
 a - the cursed +1 dagger "Astrological Oblivion" (weapon) {Melee, Elem}

   It has a curse which improves the following skills: Melee Combat: Short
   Blades, Long Blades, Axes, Maces & Flails, Polearms, Staves and Unarmed
   Combat.
   Elements:  Fire Magic, Ice Magic, Air Magic and Earth Magic.
Armour
 b - the cursed +0 robe "Esoteric Submission" (worn) {Cun, Range}

   It has a curse which improves the following skills: Cunning: Dodging and
   Stealth.
   Ranged Combat: Ranged Weapons and Throwing.
Jewellery
 f - the cursed ring "Share My Adversity" (left hand) {rCorr Str+6 Int+5 Dex+2, Self, Elem}
   (You acquired it on level 1 of the Dungeon)

   [ring of strength]

   Str:       It affects your strength (+6).
   Int:       It affects your intelligence (+5).
   Dex:       It affects your dexterity (+2).
   rCorr:     It protects you from acid and corrosion.
   It has a curse which improves the following skills: Introspection: Fighting
   and Spellcasting.
   Elements:  Fire Magic, Ice Magic, Air Magic and Earth Magic.
Scrolls
 e - 2 scrolls of fog
 i - 2 scrolls of enchant armour
 j - a scroll of teleportation
 k - a scroll of acquirement
Potions
 c - 2 potions of invisibility
 d - a potion of haste
 g - a potion of brilliance
 h - 3 potions of curing
 l - a potion of heal wounds


   Skills:
 + Level 3.0(4.1) Short Blades
 + Level 4.2(5.4) Dodging
 + Level 6.1(7.3) Stealth
 + Level 4.0(5.2) Spellcasting
 + Level 4.8 Hexes


You had 12 spell levels left.
You knew the following spells:

 Your Spells              Type           Power      Damage    Failure   Level
a - Ensorcelled Hibernat  Hex/Ice        32%        N/A       5%          2

Your spell library contained the following spells:

 Spells                   Type           Power      Damage    Failure   Level
 Confusing Touch          Hex            27%        N/A       4%          3
 Tukima's Dance           Hex            27%        N/A       4%          3
 Dazzling Flash           Conj/Hex       32%        N/A       11%         3
 Passwall                 Tmut/Erth      5%         N/A       14%         2
 Swiftness                Air            6%         N/A       26%         3


Dungeon Overview and Level Annotations

Branches:
Dungeon (4/15)
 Temple: D:4-7

Altars:
Ashenzari
The Shining One


Innate Abilities, Weirdness & Mutations

You are very small and have problems with some larger weapons.
You are too small for most types of armour.
You have supernaturally acute eyesight. (SInv)
You cover ground extremely quickly. (Speed+++)


Message History

The gnoll closely misses you.
You closely miss the gnoll.
The gnoll is severely wounded.
The gnoll hits you with a +0 club.
You hit the gnoll but do no damage.
The gnoll is severely wounded.
You hit the gnoll.
You kill the gnoll!
Your base Short Blades skill increases to level 3!
You hit the gnoll.
The gnoll is lightly wounded.
The gnoll hits you with a +0 whip!
You are too injured to fight recklessly!
You are too injured to fight recklessly!
You are too injured to fight recklessly!
You are too injured to fight recklessly!
Aiming: Ensorcelled Hibernation (safe; 5% risk of failure)
Press: ? - help, Q - select action, (/) - cycle Shift-Dir - straight line, f - gnoll
Aim: a gnoll, wielding a +0 whip and quivering 2 throwing nets (lightly wounded, chance to affect: 58%)
You miscast Ensorcelled Hibernation.
You are very lightly contaminated with residual magic.
Nothing appears to happen.
The gnoll closely misses you. The gnoll completely misses you.
The gnoll throws a throwing net.
The throwing net barely misses you.
Aiming: Ensorcelled Hibernation (safe; 5% risk of failure)
Press: ? - help, Q - select action, (/) - cycle Shift-Dir - straight line, f/p - gnoll
Aim: a gnoll, wielding a +0 whip and quivering a throwing net (chance to affect: 58%)
The gnoll looks drowsy...
The gnoll hits you but does no damage.
The gnoll shouts!
Your magical contamination has completely faded away.
You hit the gnoll.
The gnoll is moderately wounded.
The gnoll misses you. The gnoll barely misses you.
You barely miss the gnoll.
The gnoll is moderately wounded.
The gnoll hits you with a +0 whip!
* * * LOW HITPOINT WARNING * * *
The gnoll hits you from afar with a +0 spear.
You die...

* , , ###########
#####.........#############.
.>........(.....@gg..)......
, ,
##....#######.#############.
* ......##### #.# , ,, ,,
###.#.....# #.# * ,, ,
#.#.###.###.# , , #.#.#
#..##.# * #.#.# ##.##.#* * ,
#.#.# #.##.. , , #.#.# #[# *
,


You could see 2 gnolls.

Vanquished Creatures
  Eustachio (D:4)
  4 gnolls
  2 adders
  A dart slug (D:1)
  3 ball pythons (D:1)
  2 bats
  8 endoplasms
  5 giant cockroaches
  9 hobgoblins
  3 kobolds
  2 quokkas
  3 frilled lizards
  4 goblins
  A hobgoblin zombie (D:4)
  5 rats
53 creatures vanquished.

Notes
Turn   | Place    | Note
-------+----------+-------------------------------------------
     0 | D:1      | qeuew the Spriggan Enchanter began the quest for the Orb.
     0 | D:1      | Reached XP level 1. HP: 9/9 MP: 5/5
   256 | D:1      | Reached XP level 2. HP: 10/13 MP: 6/6
   342 | D:1      | Learned a level 2 spell: Ensorcelled Hibernation
   550 | D:1      | Found a faded altar of an unknown god.
   658 | D:1      | Prayed at the altar of an unknown god.
   658 | D:1      | Became a worshipper of Ashenzari the Shackled
  1065 | D:1      | Reached XP level 3. HP: 16/16 MP: 8/8
  1466 | D:1      | Identified a scroll of acquirement
  1466 | D:1      | Acquired the ring of Wishful Thinking {rCorr Str+6 Int+5
                  | Dex+2}
  1487 | D:2      | You fall into a shaft and drop 2 floors!
  1526 | D:4      | Found a glowing golden altar of the Shining One.
  1613 | D:4      | Noticed Eustachio
  1626 | D:4      | Killed Eustachio
  1627 | D:4      | Reached skill level 5 in Stealth
  1627 | D:4      | Reached XP level 4. HP: 6/21 MP: 3/11
  1627 | D:4      | Reached XP level 5. HP: 6/24 MP: 3/12
  2140 | D:2      | Reached * piety under Ashenzari
  2613 | D:2      | Reached ** piety under Ashenzari
  2991 | D:2      | Reached skill level 6 in Stealth
  3598 | D:3      | Slain by a gnoll

Illustrated notes

Levels and vault maps discovered:
D:1:      amcnicky_arrival_underground_garden, layout_loops_ring,
          chequers_ecumenical_altar_island, minmay_misc_feat_cross
D:2:      layout_basic, serial_corexii_hall, corexii_hall_statues_i,
          corexii_hall_statues_x, chequers_hall_statues_corner_a
D:3:      layout_basic
D:4:      layout_layer_cave, nicolae_tso_besieged_by_evil,
          chequers_serial_rivers_small_a, uniq_eustachio

Skill      XL: |  1  2  3  4  5 |
---------------+----------------+-----
Dodging        | 3 4 |  4.2
Spellcasting   | 3 4 |  4.0
Hexes          | 4 |  4.8
Short Blades   | 2 3 |  3.0
Stealth        | 5 6 |  6.1

Action                   |  1- 3 |  4- 6 || total
-------------------------+-------+-------++-------
Melee: Dagger            |    98 |    76 ||   174
       Punch             |     2 |     2 ||     4
 Cast: Ensorcelled Hiber |     5 |    18 ||    23
Invok: Curse Item        |     1 |     2 ||     3
  Use: Scroll            |     2 |       ||     2
       Potion            |     2 |       ||     2
 Stab: Sleeping          |    15 |    14 ||    29
Armor: Robe              |     5 |     2 ||     7
Dodge: Dodged            |    68 |    45 ||   113
